 Dungeon Crawl Stone Soup version 0.30.1-11-g7821555f0a (webtiles) character file.

Game seed: 11667352080570020003

28 Peloso the Covered (level 3, 33/33 HPs)
             Began as a Minotaur Fighter on Dec 16, 2023.
             Got out of the dungeon alive.
             The game lasted 00:01:49 (857 turns).

Peloso the Covered (Minotaur Fighter)                Turns: 857, Time: 00:01:50

Health: 33/33      AC: 10    Str: 20    XL:     3   Next: 0%
Magic:  2/2        EV:  7    Int:  5    God:
Gold:   35         SH:  4    Dex: 11    Spells: 2/2 levels left

rFire   . . .        a - +0 long sword
rCold   . . .        d - +0 buckler
rNeg    . . .        c - +0 chain mail
rPois   .            (helmet restricted)
rElec   .            (no cloak)
rCorr   .            (no gloves)
SInv    .            (no boots)
Will    .....        (no amulet) Stlth
                     (no ring)
HPRegen 0.25/turn    (no ring)
MPRegen 0.08/turn

%: no passive effects
@: no status effects
A: horns 2, retaliatory headbutt, shaggy fur 1, wild magic 1, inability to read
after injury 1, MP-powered wands
a: no special abilities


You escaped.
You visited 1 branch of the dungeon, and saw 1 of its levels.

You collected 35 gold pieces.

Inventory:

Hand Weapons
 a - a +0 long sword (weapon)
Armour
 b - a +0 scale mail
 c - a +0 chain mail (worn)
 d - a +0 buckler (worn)
Jewellery
 j - a +4 ring of protection
Scrolls
 g - 2 scrolls of enchant armour {unknown}
 h - a scroll of blinking {unknown}
 i - a scroll of fear {unknown}
 k - a scroll of identify {unknown}
 l - a scroll of vulnerability {unknown}
Potions
 e - a potion of might


   Skills:
 + Level 3.9 Fighting
 + Level 3.0 Long Blades
 + Level 4.1 Armour
 + Level 4.0 Shields


You had 2 spell levels left.
You didn't know any spells.
Your spell library contained the following spells:

 Spells                   Type           Power      Damage    Failure   Level
 Lesser Beckoning         Tloc           0%         N/A       100%        2
 Gell's Gravitas          Tloc           0%         N/A       100%        3
 Teleport Other           Tloc           0%         N/A       100%        3


Dungeon Overview and Level Annotations

Branches:
Dungeon (1/15)

Altars:


Innate Abilities, Weirdness & Mutations

You have a pair of horns on your head.
You reflexively headbutt those who attack you in melee.
You are covered in fur. (AC +1)
Your spells are a little harder to cast, but a little more powerful.
You occasionally lose the ability to read scrolls when taking damage.
You expend magic power (3 MP) to strengthen your wands.


Message History

The kobold hits you but does no damage.
You hit the kobold.
You kill the kobold!
Things that are here:
a +0 whip; 4 stones You pick up a book of Displacement and begin reading...
You add the spells Lesser Beckoning, Gell's Gravitas and Teleport Other to your library.
You open the door.
There is an open door here.
g - 2 scrolls labelled KAOG HIAMAI (gained 1)
A rat comes into view.
A rat is nearby!
A rat is nearby!
A rat is nearby!
The rat bites you.
You hit the rat.
You kill the rat!
You have reached level 3!
Your experience leads to an increase in your attributes!
Increase (S)trength, (I)ntelligence, or (D)exterity?
You feel agile. x2
You see here a rat corpse.
You see here a rat corpse.
Done exploring.
Done exploring.
Done exploring.
Done exploring.
Done exploring.
It was a potion of mutation.
You feel extremely strange.
You feel your magical essence link to the dungeon's wands.
You occasionally lose the ability to read scrolls when taking damage.
You feel less in control of your magic. Fur sprouts all over your body.
Unknown command.
(D) Dungeon
Where to? (? - help)
What level of the Dungeon? (default 1, ? - help)
There is an open door here.
There is a staircase leading out of the dungeon here.
Are you sure you want to leave the Dungeon?
This will make you lose the game!
You have escaped!

.........##.##........##.........
##.#######...########.##.........
#.# #####)..########.##.........
#.# #..##.⌠..........##.......##
#.# #..##............##.......#
#.# #..##..#########.##.......##
#.# #..'...#########.########...
#.# #..##..##.....##.# ###### #.#
#..##...'..@..##.## #..... #.#
#..##..##.....##..# #.###. #.#
#####..#########..# #.# #. #.#
#..#########..#####.# #. #.#
##...............##.# #. #.#
###..........##.##.# #. #.#
#..........##..#.###. #.#
#..........###.#.##.. #.#
#########'## #.#.....


There were no monsters in sight!

Vanquished Creatures
  A dart slug (D:1)
  3 endoplasms (D:1)
  2 goblins (D:1)
  2 hobgoblins (D:1)
  4 jackals (D:1)
  2 kobolds (D:1)
  2 ball pythons (D:1)
  3 bats (D:1)
  5 rats (D:1)
24 creatures vanquished.

Notes
Turn   | Place    | Note
-------+----------+-------------------------------------------
     0 | D:1      | Peloso the Minotaur Fighter began the quest for the Orb.
     0 | D:1      | Reached XP level 1. HP: 19/19 MP: 0/0
   185 | D:1      | Reached XP level 2. HP: 27/27 MP: 1/1
   741 | D:1      | Reached XP level 3. HP: 32/33 MP: 2/2
   806 | D:1      | Gained mutation: You expend magic power (3 MP) to
                  | strengthen your wands. [potion of mutation]
   806 | D:1      | Gained mutation: You occasionally lose the ability to read
                  | scrolls when taking damage. [potion of mutation]
   806 | D:1      | Gained mutation: Your spells are a little harder to cast,
                  | but a little more powerful. [potion of mutation]
   806 | D:1      | Gained mutation: You are covered in fur. (AC +1) [potion of
                  | mutation]
   857 | D:$      | Got out of the dungeon alive.

Illustrated notes

Levels and vault maps discovered:
D:1:      dpeg_arrival_rooms_a, layout_basic, chequers_serial_rivers_micro_e

Skill      XL: |  1  2 |
---------------+-------+-----
Shields        | 4 |  4.0
Armour         | 4 |  4.1
Long Blades    | 3 |  3.0
Fighting       | |  3.9

Action                     || total
---------------------------++-------
  Melee: Long sword        ||    65
         Headbutt          ||     6
    Use: Potion            ||     1
 Armour: Chain mail        ||    48
  Dodge: Dodged            ||    35
  Block: Buckler           ||    17
